PIO (24 & UNDER)
COLORADO COMMANDERS @ CHULA VISTA TACOS
08/19/2030
 
TOP OF THE 1ST
Colorado Commanders batting - Pitching for Chula Vista Tacos : RHP Manny Cook
Pitching: RHP Manny Cook
Batting: RHB Félix Campos 0-0: Ball
1-0: DOUBLE (Line Drive, 7LM)
Batting: RHB Lawrence Ware 0-0: Ball
1-0: Swinging Strike
1-1: Swinging Strike
1-2: Strikes out swinging
Batting: LHB Arthur Guzmán 0-0: Ball
1-0: Ball
Félix Campos steals 3rd base
2-0: Ball
3-0: Called Strike
3-1: Called Strike
3-2: SINGLE (Groundball, 6D)
Félix Campos scores
Batting: LHB Francisco Ríos 0-0: Fly out, F9 (Line Drive, 9D)
Batting: RHB Henry Cahill 0-0: Ball
Pickoff Throw to First - Out!
Top of the 1st over - 1 run, 2 hits, 0 errors, 0 left on base; Colorado 1 - Chula Vista 0
BOTTOM OF THE 1ST
Chula Vista Tacos batting - Pitching for Colorado Commanders : RHP Mike Schmidt
Pitching: RHP Mike Schmidt
Batting: LHB Dale Miller 0-0: Foul Ball, location: 2F
0-1: Ground out 6-3 (Groundball, 6)
Batting: RHB Eric Schroeder 0-0: Ball
1-0: Ball
2-0: Swinging Strike
2-1: Swinging Strike
2-2: Ball
3-2: DOUBLE (Line Drive, 89M)
Batting: SHB Jared Calhoun 0-0: Foul Ball, location: 2F
0-1: Swinging Strike
0-2: Strikes out swinging
Batting: RHB Germán Ontiveros 0-0: Foul Ball, location: 2F
0-1: Ball
1-1: Ground out 6-3 (Groundball, 6)
Bottom of the 1st over - 0 runs, 1 hit, 0 errors, 1 left on base; Colorado 1 - Chula Vista 0
TOP OF THE 2ND
Colorado Commanders batting - Pitching for Chula Vista Tacos : RHP Manny Cook
Batting: RHB Henry Cahill 0-0: Ball
1-0: Called Strike
1-1: Swinging Strike
1-2: Strikes out looking
Batting: LHB Roberto Herrera 0-0: Ball
1-0: Ball
2-0: Fly out, F3 (Popup, 34S)
Batting: RHB William Dyer 0-0: Ball
1-0: Foul Ball, location: 2F
1-1: Ball
2-1: Foul Ball, location: 2F
2-2: SINGLE (Line Drive, 7LS)
Batting: RHB Carlos Jiménez 0-0: Called Strike
0-1: Ball
1-1: Ball
Wild Pitch!
William Dyer to second
2-1: Fly out, F7 (Flyball, 7S)
Top of the 2nd over - 0 runs, 1 hit, 0 errors, 1 left on base; Colorado 1 - Chula Vista 0
BOTTOM OF THE 2ND
Chula Vista Tacos batting - Pitching for Colorado Commanders : RHP Mike Schmidt
Batting: RHB Nelson Wright 0-0: SINGLE (Groundball, 6MD)
Batting: RHB Kenny Miller 0-0: Ball
1-0: Ball
2-0: Ball
3-0: Base on Balls
Nelson Wright to second
Batting: RHB Daniel Pineda 0-0: Grounds into double play, 4-6-3 (Groundball, 4)
Nelson Wright to third
Batting: LHB Jorge Pineda 0-0: Fly out, F7 (Flyball, 7S)
Bottom of the 2nd over - 0 runs, 1 hit, 0 errors, 1 left on base; Colorado 1 - Chula Vista 0
TOP OF THE 3RD
Colorado Commanders batting - Pitching for Chula Vista Tacos : RHP Manny Cook
Batting: RHB Pete Davis 0-0: Called Strike
0-1: Called Strike
0-2: Strikes out swinging
Batting: RHB Félix Campos 0-0: SINGLE (Groundball, 6M) (infield hit)
Batting: RHB Lawrence Ware 0-0: Ball
1-0: Ball
2-0: Ball
3-0: Base on Balls
Félix Campos to second
Batting: LHB Arthur Guzmán 0-0: Ball
1-0: Ball
2-0: Called Strike
2-1: Ball
3-1: Foul Ball, location: 2F
3-2: Foul Ball, location: 2F
3-2: Foul Ball, location: 2F
3-2: Fly out, F7 (Flyball, 78M)
Batting: LHB Francisco Ríos 0-0: Called Strike
0-1: Swinging Strike
0-2: Hit by Pitch
Félix Campos to third
Lawrence Ware to second
Batting: RHB Henry Cahill 0-0: Fly out, F9 (Flyball, 9LS)
Top of the 3rd over - 0 runs, 1 hit, 0 errors, 3 left on base; Colorado 1 - Chula Vista 0
BOTTOM OF THE 3RD
Chula Vista Tacos batting - Pitching for Colorado Commanders : RHP Mike Schmidt
Batting: RHB Rafael Cardenas 0-0: Ball
1-0: Ball
2-0: Foul Ball, location: 2F
2-1: Foul Ball, location: 2F
2-2: Strikes out swinging
Batting: LHB Dale Miller 0-0: Ball
1-0: Called Strike
1-1: Ball
2-1: Ball
3-1: Foul Ball, location: 2F
3-2: Foul Ball, location: 2F
3-2: Foul Ball, location: 2F
3-2: Strikes out swinging
Batting: RHB Eric Schroeder 0-0: Swinging Strike
0-1: Swinging Strike
0-2: Strikes out swinging
Bottom of the 3rd over - 0 runs, 0 hits, 0 errors, 0 left on base; Colorado 1 - Chula Vista 0
TOP OF THE 4TH
Colorado Commanders batting - Pitching for Chula Vista Tacos : RHP Manny Cook
Batting: LHB Roberto Herrera 0-0: Ball
1-0: Ball
2-0: Ball
3-0: Called Strike
3-1: Foul Ball, location: 2F
3-2: Base on Balls
Batting: RHB William Dyer 0-0: Ball
1-0: Called Strike
1-1: Foul Ball, location: 2F
1-2: Ball
2-2: Foul Ball, location: 2F
2-2: Foul Ball, location: 2F
2-2: Foul Ball, location: 2F
2-2: Strikes out swinging
Batting: RHB Carlos Jiménez 0-0: Foul Ball, location: 2F
0-1: Ground out 5-3 (Groundball, 56S)
Roberto Herrera to second
Batting: RHB Pete Davis 0-0: Ground out 6-3 (Groundball, 6)
Top of the 4th over - 0 runs, 0 hits, 0 errors, 1 left on base; Colorado 1 - Chula Vista 0
BOTTOM OF THE 4TH
Chula Vista Tacos batting - Pitching for Colorado Commanders : RHP Mike Schmidt
Batting: SHB Jared Calhoun 0-0: Ball
1-0: Ball
2-0: Called Strike
2-1: Foul Ball, location: 2F
2-2: Strikes out swinging
Batting: RHB Germán Ontiveros 0-0: Ball
1-0: Foul Ball, location: 2F
1-1: Swinging Strike
1-2: Strikes out swinging
Batting: RHB Nelson Wright 0-0: DOUBLE (Groundball, 5L)
Batting: RHB Kenny Miller 0-0: Ball
1-0: Ball
2-0: Ground out U3 (Groundball, 3L)
Bottom of the 4th over - 0 runs, 1 hit, 0 errors, 1 left on base; Colorado 1 - Chula Vista 0
TOP OF THE 5TH
Colorado Commanders batting - Pitching for Chula Vista Tacos : RHP Manny Cook
Batting: RHB Félix Campos 0-0: Called Strike
0-1: Ball
1-1: Ball
2-1: Foul Ball, location: 2F
2-2: Ball
3-2: Fly out, F3 (Popup, 34S)
Batting: RHB Lawrence Ware 0-0: Swinging Strike
0-1: Called Strike
0-2: Ball
1-2: Ball
2-2: SINGLE (Groundball, 34S) (infield hit)
Batting: LHB Arthur Guzmán 0-0: Ball
1-0: Foul Ball, location: 2F
1-1: Ball
2-1: Ball
3-1: Base on Balls
Lawrence Ware to second
Batting: LHB Francisco Ríos 0-0: Ball
1-0: Called Strike
1-1: Foul Ball, location: 2F
1-2: Foul Ball, location: 2F
1-2: SINGLE (Flyball, 78S)
Lawrence Ware to third
Arthur Guzmán to second
Batting: RHB Henry Cahill 0-0: Called Strike
0-1: Ball
1-1: Swinging Strike
1-2: Strikes out swinging
Batting: LHB Roberto Herrera 0-0: Fly out, F7 (Flyball, 78D)
Top of the 5th over - 0 runs, 2 hits, 0 errors, 3 left on base; Colorado 1 - Chula Vista 0
BOTTOM OF THE 5TH
Chula Vista Tacos batting - Pitching for Colorado Commanders : RHP Mike Schmidt
Batting: RHB Daniel Pineda 0-0: Foul Ball, location: 2F
0-1: Ball
1-1: Ball
2-1: Foul Ball, location: 2F
2-2: Foul Ball, location: 2F
2-2: Fly out, F9 (Line Drive, 9)
Batting: LHB Jorge Pineda 0-0: Ball
1-0: Called Strike
1-1: SINGLE (Groundball, 34D)
Batting: RHB Rafael Cardenas 0-0: Ball
1-0: Ball
2-0: Ball
3-0: Called Strike
3-1: SINGLE (Groundball, 6MD)
Jorge Pineda to second
Runner from 2nd tries for 3rd, SAFE after rundown.
Batting: LHB Dale Miller 0-0: Ball
1-0: Called Strike
1-1: Foul Ball, location: 2F
1-2: SINGLE (Line Drive, 56D)
Jorge Pineda scores
Rafael Cardenas to second
Batting: RHB Eric Schroeder 0-0: Grounds into double play, 3-6-3 (Groundball, 34)
Bottom of the 5th over - 1 run, 3 hits, 0 errors, 1 left on base; Colorado 1 - Chula Vista 1
TOP OF THE 6TH
Colorado Commanders batting - Pitching for Chula Vista Tacos : RHP Manny Cook
Batting: RHB William Dyer 0-0: Ball
1-0: Ball
2-0: Ball
3-0: Base on Balls
Pitching: RHP Shane Thompson
Batting: RHB Carlos Jiménez 0-0: Ball
1-0: Grounds out, U3 (Groundball, 3L)
Batting: RHB Pete Davis 0-0: Ball
1-0: Ball
2-0: Foul Ball, location: 2F
2-1: Swinging Strike
2-2: Strikes out swinging
Batting: RHB Félix Campos 0-0: Ball
1-0: Called Strike
1-1: Foul Ball, location: 2F
1-2: Strikes out swinging
Top of the 6th over - 0 runs, 0 hits, 0 errors, 1 left on base; Colorado 1 - Chula Vista 1
BOTTOM OF THE 6TH
Chula Vista Tacos batting - Pitching for Colorado Commanders : RHP Mike Schmidt
Batting: SHB Jared Calhoun 0-0: Called Strike
0-1: Foul Ball, location: 2F
0-2: Foul Ball, location: 2F
0-2: Ball
1-2: Fly out, F3 (Line Drive, 34)
Batting: RHB Germán Ontiveros 0-0: Ball
1-0: Reached on error, E6 (Groundball, 6)
Batting: RHB Nelson Wright 0-0: Called Strike
0-1: Fly out, F9 (Flyball, 9)
Batting: RHB Kenny Miller 0-0: Intentional Walk
Batting: RHB Daniel Pineda 0-0: Swinging Strike
0-1: Fielders Choice at 2nd, 6-4 (Groundball, 6)
Bottom of the 6th over - 0 runs, 0 hits, 1 error, 2 left on base; Colorado 1 - Chula Vista 1
TOP OF THE 7TH
Colorado Commanders batting - Pitching for Chula Vista Tacos : RHP Shane Thompson
Batting: RHB Lawrence Ware 0-0: SINGLE (Line Drive, 78S)
Batting: LHB Arthur Guzmán 0-0: Swinging Strike
0-1: Called Strike
0-2: Ball
1-2: Reached on error, E1 (Groundball, 13)
Lawrence Ware to second
Batting: LHB Francisco Ríos 0-0: Ball
1-0: Ball
Wild Pitch!
Lawrence Ware to third
Arthur Guzmán to second
2-0: Ball
3-0: Base on Balls
Batting: RHB Henry Cahill 0-0: Called Strike
0-1: Ball
1-1: Swinging Strike
1-2: Grounds into fielders choice 4-2 (Groundball, 4)
Arthur Guzmán to third
Francisco Ríos to second
Batting: LHB Roberto Herrera 0-0: Ball
1-0: Ball
2-0: Called Strike
2-1: Foul Ball, location: 2F
2-2: Strikes out swinging
Batting: RHB William Dyer 0-0: Foul Ball, location: 2F
0-1: Swinging Strike
0-2: Ball
1-2: Strikes out swinging
Top of the 7th over - 0 runs, 1 hit, 1 error, 3 left on base; Colorado 1 - Chula Vista 1
BOTTOM OF THE 7TH
Chula Vista Tacos batting - Pitching for Colorado Commanders : RHP Mike Schmidt
Batting: LHB Jorge Pineda 0-0: Swinging Strike
0-1: Swinging Strike
0-2: Fly out, F6 (Popup, 6S)
Batting: RHB Rafael Cardenas 0-0: Ball
1-0: Called Strike
1-1: Swinging Strike
1-2: SINGLE (Line Drive, 7LM)
Batting: LHB Dale Miller 0-0: Called Strike
0-1: Foul Ball, location: 2F
0-2: Ball
1-2: Strikes out looking
Batting: RHB Eric Schroeder 0-0: Ball
1-0: Ball
2-0: Ball
3-0: Base on Balls
Rafael Cardenas to second
Pinch Hitting: RHB Valentín Saldaña 0-0: Ball
1-0: Ball
2-0: Foul Ball, location: 2F
2-1: Ball
3-1: Called Strike
3-2: Ground out 3-1 (Groundball, 34)
Bottom of the 7th over - 0 runs, 1 hit, 0 errors, 2 left on base; Colorado 1 - Chula Vista 1
TOP OF THE 8TH
Colorado Commanders batting - Pitching for Chula Vista Tacos : RHP Shane Thompson
Now in RF: José Isla
Pinch Hitting: SHB Miguel Price 0-0: Ball
1-0: Called Strike
1-1: Ball
2-1: Ball
3-1: Fly out, F9 (Flyball, 9S)
Pinch Hitting: RHB Joe Roberts 0-0: Called Strike
0-1: Ball
1-1: Ball
2-1: Foul Ball, location: 2F
2-2: Foul Ball, location: 2F
2-2: Strikes out looking
Pinch Hitting: SHB Francisco Madrigal 0-0: Ball
1-0: Ball
2-0: Fly out, F3 (Line Drive, 3)
Top of the 8th over - 0 runs, 0 hits, 0 errors, 0 left on base; Colorado 1 - Chula Vista 1
BOTTOM OF THE 8TH
Chula Vista Tacos batting - Pitching for Colorado Commanders : RHP Mike Schmidt
Pitching: RHP Tony Parker
Now at 2B: Bill Marsh
Now at 3B: Bill Peterson
Now in LF: Francisco Madrigal
Batting: RHB Germán Ontiveros 0-0: Called Strike
0-1: Ball
1-1: Ball
2-1: Ball
3-1: Foul Ball, location: 2F
3-2: Ground out 3-1 (Groundball, 3S)
Batting: RHB Nelson Wright 0-0: Ball
1-0: Called Strike
1-1: Called Strike
1-2: Foul Ball, location: 2F
1-2: SINGLE (Groundball, 56D)
Batting: RHB Kenny Miller 0-0: Ball
1-0: DOUBLE (Line Drive, 89D)
Nelson Wright to third
Pinch Hitting: RHB Miguel Murillo 0-0: Intentional Walk
Batting: LHB Jorge Pineda 0-0: Ball
1-0: Ball
2-0: Called Strike
2-1: Foul Ball, location: 2F
2-2: Fly out, F9 (Flyball, 89S)
Runner from 3rd tags up, OUT at HOME
Bottom of the 8th over - 0 runs, 2 hits, 0 errors, 2 left on base; Colorado 1 - Chula Vista 1
TOP OF THE 9TH
Colorado Commanders batting - Pitching for Chula Vista Tacos : RHP Shane Thompson
Pitching: LHP Craig Grant
Now at 1B: Miguel Murillo
Batting: RHB Lawrence Ware 0-0: Ball
1-0: Foul Ball, location: 2F
1-1: Ball
2-1: Ball
3-1: Base on Balls
Pinch Runner at 1st Joe Sulley:
Batting: LHB Arthur Guzmán 0-0: Called Strike
Joe Sulley is caught stealing 2nd base
0-1: Ball
1-1: Foul Ball, location: 2F
1-2: Reached on error, E6 (Groundball, 6)
Pinch Runner at 1st Nick Bailey:
Batting: LHB Francisco Ríos 0-0: Ball
1-0: Ball
2-0: Called Strike
2-1: Ball
3-1: Foul Ball, location: 2F
3-2: Ground out 3-1 (Groundball, 34S)
Nick Bailey to second
Batting: RHB Henry Cahill 0-0: Ball
1-0: Called Strike
1-1: Foul Ball, location: 2F
1-2: Ball
Wild Pitch!
Nick Bailey to third
2-2: Ball
3-2: Fly out, F9 (Flyball, 9S)
Top of the 9th over - 0 runs, 0 hits, 1 error, 1 left on base; Colorado 1 - Chula Vista 1
BOTTOM OF THE 9TH
Chula Vista Tacos batting - Pitching for Colorado Commanders : RHP Tony Parker
Pitching: RHP Jimmy MacAulay
Now at SS: Alfredo Salinas
Now in LF: Joe Sulley
Batting: RHB Rafael Cardenas 0-0: Ball
1-0: Called Strike
1-1: SINGLE (Groundball, 6D)
Batting: LHB Dale Miller 0-0: Ball
1-0: Called Strike
1-1: Foul Ball, location: 2F
1-2: Ball
2-2: Foul Ball, location: 2F
2-2: Foul Ball, location: 2F
2-2: Ball
3-2: Strikes out swinging
Batting: RHB Eric Schroeder 0-0: Called Strike
0-1: Called Strike
0-2: Ball
1-2: Foul Ball, location: 2F
1-2: Foul Ball, location: 2F
1-2: Ball
2-2: Foul Ball, location: 2F
2-2: Foul Ball, location: 2F
2-2: Foul Ball, location: 2F
2-2: Ball
3-2: Base on Balls
Rafael Cardenas to second
Batting: RHB José Isla 0-0: Called Strike
0-1: Ball
1-1: Swinging Strike
1-2: Foul Ball, location: 2F
1-2: Ball
2-2: Fly out, F7 (Flyball, 78M)
Batting: RHB Germán Ontiveros 0-0: Foul Ball, location: 2F
0-1: Foul Ball, location: 2F
0-2: Ball
1-2: Ball
2-2: Fly out, F8 (Flyball, 8RM)
Bottom of the 9th over - 0 runs, 1 hit, 0 errors, 2 left on base; Colorado 1 - Chula Vista 1
TOP OF THE 10TH
Colorado Commanders batting - Pitching for Chula Vista Tacos : LHP Craig Grant
Batting: LHB Roberto Herrera 0-0: Ball
1-0: Called Strike
1-1: Foul Ball, location: 2F
1-2: Strikes out swinging
Batting: RHB William Dyer 0-0: Ball
1-0: SINGLE (Groundball, 34D)
Batting: RHB Bill Marsh 0-0: Foul Ball, location: 2F
0-1: Ball
1-1: Swinging Strike
1-2: Strikes out swinging
Batting: RHB Bill Peterson 0-0: Swinging Strike
0-1: Ball
1-1: Called Strike
1-2: Ground out 4-3 (Groundball, 4)
Top of the 10th over - 0 runs, 1 hit, 0 errors, 1 left on base; Colorado 1 - Chula Vista 1
BOTTOM OF THE 10TH
Chula Vista Tacos batting - Pitching for Colorado Commanders : RHP Jimmy MacAulay
Batting: RHB Nelson Wright 0-0: Called Strike
0-1: Ball
1-1: Foul Ball, location: 2F
1-2: Ball
2-2: Foul Ball, location: 2F
2-2: Ball
3-2: Strikes out looking
Batting: RHB Kenny Miller 0-0: Ball
1-0: Called Strike
1-1: Swinging Strike
1-2: Foul Ball, location: 2F
1-2: Strikes out looking
Batting: RHB Miguel Murillo 0-0: Foul Ball, location: 2F
0-1: Ball
1-1: Ball
2-1: Fly out, F6 (Popup, 6)
Bottom of the 10th over - 0 runs, 0 hits, 0 errors, 0 left on base; Colorado 1 - Chula Vista 1
TOP OF THE 11TH
Colorado Commanders batting - Pitching for Chula Vista Tacos : LHP Craig Grant
Pitching: RHP Keith Anderson
Batting: SHB Francisco Madrigal 0-0: Swinging Strike
0-1: SINGLE (Line Drive, 4MD)
Batting: RHB Joe Sulley 0-0: Called Strike
Francisco Madrigal is caught stealing 2nd base
0-1: Ball
1-1: Ball
2-1: Swinging Strike
2-2: Fly out, F8 (Flyball, 8LM)
Pinch Hitting: RHB Júlio Ramos 0-0: Called Strike
0-1: Foul Ball, location: 2F
0-2: Strikes out swinging
Top of the 11th over - 0 runs, 1 hit, 0 errors, 0 left on base; Colorado 1 - Chula Vista 1
BOTTOM OF THE 11TH
Chula Vista Tacos batting - Pitching for Colorado Commanders : RHP Jimmy MacAulay
Pitching: LHP Dani Martínez
Now at 2B: Júlio Ramos
Batting: LHB Jorge Pineda 0-0: Foul Ball, location: 2F
0-1: Swinging Strike
0-2: Fly out, F8 (Flyball, 8LD)
Batting: RHB Rafael Cardenas 0-0: Ball
1-0: Ball
2-0: Called Strike
2-1: Ball
3-1: Base on Balls
Pinch Hitting: RHB Gonzalo García 0-0: Called Strike
0-1: Foul Ball, location: 2F
0-2: Foul Ball, location: 2F
0-2: Strikes out swinging
Batting: RHB Eric Schroeder 0-0: Ball
1-0: Ball
2-0: Ball
3-0: Called Strike
3-1: Base on Balls
Rafael Cardenas to second
Batting: RHB José Isla 0-0: Ball
1-0: Ball
2-0: Foul Ball, location: 2F
2-1: Ground out 3-1 (Groundball, 34S)
Bottom of the 11th over - 0 runs, 0 hits, 0 errors, 2 left on base; Colorado 1 - Chula Vista 1
TOP OF THE 12TH
Colorado Commanders batting - Pitching for Chula Vista Tacos : RHP Keith Anderson
Now in LF: Gonzalo García
Batting: LHB Francisco Ríos 0-0: Called Strike
0-1: Swinging Strike
0-2: Foul Ball, location: 2F
0-2: Ball
1-2: Strikes out swinging
Batting: RHB Henry Cahill 0-0: Ball
1-0: Called Strike
1-1: SINGLE (Groundball, 4MD)
Pinch Runner at 1st Alfonso Flores:
Batting: LHB Roberto Herrera 0-0: Called Strike
Alfonso Flores is caught stealing 2nd base
0-1: Ball
1-1: Ball
2-1: Called Strike
2-2: Ball
3-2: Base on Balls
Pinch Runner at 1st Eric Patrick:
Batting: RHB William Dyer 0-0: Ball
1-0: Called Strike
1-1: Ball
2-1: Ball
3-1: Fly out, F9 (Flyball, 9S)
Top of the 12th over - 0 runs, 1 hit, 0 errors, 1 left on base; Colorado 1 - Chula Vista 1
BOTTOM OF THE 12TH
Chula Vista Tacos batting - Pitching for Colorado Commanders : LHP Dani Martínez
Now at 1B: Allen Barlow
Batting: RHB Germán Ontiveros 0-0: Called Strike
0-1: Called Strike
0-2: Strikes out looking
Batting: RHB Nelson Wright 0-0: Ball
1-0: Swinging Strike
1-1: Swinging Strike
1-2: Fly out, F7 (Flyball, 78M)
Batting: RHB Kenny Miller 0-0: Called Strike
0-1: Called Strike
0-2: Ball
1-2: Strikes out swinging
Bottom of the 12th over - 0 runs, 0 hits, 0 errors, 0 left on base; Colorado 1 - Chula Vista 1
TOP OF THE 13TH
Colorado Commanders batting - Pitching for Chula Vista Tacos : RHP Keith Anderson
Pitching: RHP Brock Corless
Batting: RHB Bill Marsh 0-0: Ball
1-0: Ball
2-0: Ball
3-0: Called Strike
3-1: SINGLE (Flyball, 7LS)
Batting: RHB Bill Peterson 0-0: Ball
1-0: Foul Ball, location: 2F
1-1: Called Strike
1-2: Ball
2-2: Foul Ball, location: 2F
2-2: Foul Ball, location: 2F
2-2: Strikes out swinging
Batting: SHB Francisco Madrigal 0-0: Called Strike
0-1: Ball
Bill Marsh is caught stealing 2nd base
1-1: Foul Ball, location: 2F
1-2: Foul Ball, location: 2F
1-2: Foul Ball, location: 2F
1-2: Ball
2-2: Ground out 6-3 (Groundball, 6)
Top of the 13th over - 0 runs, 1 hit, 0 errors, 0 left on base; Colorado 1 - Chula Vista 1
BOTTOM OF THE 13TH
Chula Vista Tacos batting - Pitching for Colorado Commanders : LHP Dani Martínez
Batting: RHB Miguel Murillo 0-0: Swinging Strike
0-1: Ball
1-1: Ball
2-1: Foul Ball, location: 2F
2-2: Foul Ball, location: 2F
2-2: Strikes out looking
Batting: LHB Jorge Pineda 0-0: Ball
1-0: Foul Ball, location: 2F
1-1: Fly out, F9 (Flyball, 9LS)
Batting: RHB Rafael Cardenas 0-0: Ball
1-0: Ball
2-0: Called Strike
2-1: Reached on error, E6 (Groundball, 6)
Batting: RHB Gonzalo García 0-0: Called Strike
0-1: Ball
1-1: Swinging Strike
1-2: Ball
2-2: Strikes out looking
Bottom of the 13th over - 0 runs, 0 hits, 1 error, 1 left on base; Colorado 1 - Chula Vista 1
TOP OF THE 14TH
Colorado Commanders batting - Pitching for Chula Vista Tacos : RHP Brock Corless
Batting: RHB Joe Sulley 0-0: SINGLE (Groundball, 56D)
Batting: RHB Júlio Ramos 0-0: Called Strike
0-1: Swinging Strike
0-2: Ball
1-2: Strikes out swinging
Batting: LHB Francisco Ríos 0-0: Ball
Joe Sulley steals 2nd base
1-0: Intentional Walk
Batting: RHB Allen Barlow 0-0: Ball
1-0: Ball
2-0: Ball
3-0: Called Strike
3-1: Base on Balls
Joe Sulley to third
Francisco Ríos to second
Batting: RHB Eric Patrick 0-0: Ball
1-0: Called Strike
1-1: Fly out, F8 (Flyball, 8RD)
Runner from 3rd tags up, OUT at HOME
Top of the 14th over - 0 runs, 1 hit, 0 errors, 2 left on base; Colorado 1 - Chula Vista 1
BOTTOM OF THE 14TH
Chula Vista Tacos batting - Pitching for Colorado Commanders : LHP Dani Martínez
Batting: RHB Eric Schroeder 0-0: Ball
1-0: Called Strike
1-1: Called Strike
1-2: Fly out, F5 (Popup, 6S)
Batting: RHB José Isla 0-0: Ball
1-0: Ball
2-0: Fly out, F7 (Flyball, 78M)
Batting: RHB Germán Ontiveros 0-0: DOUBLE (Flyball, 78XD)
Batting: RHB Nelson Wright 0-0: Ball
1-0: Ball
2-0: Called Strike
2-1: Foul Ball, location: 2F
2-2: Foul Ball, location: 2F
2-2: Foul Ball, location: 2F
2-2: Ball
3-2: DOUBLE (Line Drive, 7LD)
Germán Ontiveros scores
Saturday, April 7th, 2018 - OOTP Baseball 18.8 Build 76